 Dungeon Crawl Stone Soup version 0.26.1-11-gd32895ea62 (webtiles) character file.

Game seed: 7632182834067383236

10181 Gerhazo the Destroyer (level 11, -25/85 HPs)
             Began as a Red Draconian Conjurer on May 31, 2021.
             Was an Elder of Vehumet.
             Annihilated by a boulder beetle (51 damage)
             ... on level 11 of the Dungeon.
             The game lasted 00:29:40 (16006 turns).

Gerhazo the Destroyer (Red Draconian Conjurer)     Turns: 16006, Time: 00:29:41

Health: -25/85     AC: 13    Str: 11    XL:     11   Next: 32%
Magic:  13/23      EV: 13    Int: 21    God:    Vehumet [****..]
Gold:   877        SH:  0    Dex:  9    Spells: 12/26 levels left

rFire    + . .     SeeInvis .   s - +5 flail (vorpal)
rCold    . . .     Faith    .   (no shield)
rNeg     . . .     Spirit   .   (armour unavailable)
rPois    .         Reflect  .   (helmet restricted)
rElec    .         Harm     .   (no cloak)
rCorr    .         Rampage  .   I - +0 pair of gloves
Will     .....                  o - +0 pair of boots
Stlth    ++........             n - amulet of regeneration
HPRegen  0.64/turn              i - -4 ring of slaying (curse)
MPRegen  0.18/turn              H - +4 ring of protection

@: no status effects
A: breathe fire, unfitting armour, antennae 1, fire resistance 1, cold-blooded,
AC +7
a: Breathe Fire, Renounce Religion


You were on level 11 of the Dungeon.
You worshipped Vehumet.
Vehumet was greatly pleased with you.
You visited 2 branches of the dungeon, and saw 13 of its levels.

You collected 877 gold pieces.

Inventory:

Hand Weapons
 s - a +5 vorpal flail (weapon)
Armour
 o - a +0 pair of boots (worn)
 I - a +0 pair of gloves (worn)
Jewellery
 i - a cursed -4 ring of slaying (left hand)
 n - an amulet of regeneration (around neck)
 u - an uncursed ring of positive energy
 z - an uncursed ring of positive energy
 E - a +6 ring of dexterity
 H - a +4 ring of protection (right hand)
Wands
 j - a wand of paralysis (15)
 x - a wand of iceblast (9)
 y - a wand of flame (24)
 A - a wand of disintegration (28)
Scrolls
 a - a scroll of random uselessness {unknown}
 c - 2 scrolls of magic mapping
 g - a scroll of blinking
 h - 9 scrolls of identify
 l - 4 scrolls of amnesia
 p - 6 scrolls of remove curse {unknown}
 t - 5 scrolls of immolation
 v - 3 scrolls of teleportation
 B - a scroll of enchant armour {unknown}
 C - a scroll of noise {unknown}
 D - a scroll of brand weapon {unknown}
 G - a scroll of vulnerability {unknown}
Potions
 b - a potion of ambrosia {unknown}
 d - 2 potions of resistance {unknown}
 e - a potion of cancellation {unknown}
 f - a potion of magic {unknown}
 k - 2 potions of attraction {unknown}
 m - 6 potions of curing
 q - 4 potions of heal wounds {unknown}
 r - 3 potions of mutation {unknown}
 w - a potion of might {unknown}
 F - 4 potions of flight {unknown}
 J - a potion of haste {unknown}
 K - a potion of invisibility {unknown}


   Skills:
 + Level 4.8 Fighting
 + Level 4.5 Dodging
 - Level 1.7 Stealth
 + Level 8.0 Spellcasting
 * Level 12.2 Conjurations
 * Level 9.8 Fire Magic


You had 12 spell levels left.
You knew the following spells:

 Your Spells              Type           Power        Failure   Level
a - Magic Dart            Conj           100%         1%          1
b - Searing Ray           Conj           100%         1%          2
d - Iskenderun's Mystic   Conj/Tloc      34%          1%          4
f - Fireball              Conj/Fire      26%          1%          5
j - Blink                 Tloc           N/A          12%         2

Your spell library contained the following spells:

 Spells                   Type           Power        Failure   Level
 Bolt of Magma            Conj/Fire/Erth 19%          3%          5
 Foxfire                  Conj/Fire      100%         1%          1
 Conjure Flame            Conj/Fire      53%          1%          3
 Dazzling Flash           Conj/Hex       68%          1%          3
 Inner Flame              Hex/Fire       29%          1%          3
 Mephitic Cloud           Conj/Pois/Air  25%          1%          3
 Stone Arrow              Conj/Erth      68%          1%          3
 Fulminant Prism          Conj/Hex       17%          1%          4
 Sticky Flame             Conj/Fire      53%          1%          4
 Sandblast                Erth           16%          2%          1
 Call Imp                 Summ           8%           12%         2
 Passwall                 Tmut/Erth      6%           12%         2
 Slow                     Hex            8%           12%         2
 Lee's Rapid Deconstruct  Erth           4%           45%         5
 Petrify                  Tmut/Erth      8%           61%         4


Dungeon Overview and Level Annotations

Branches:
Dungeon (12/15)            Temple (1/1) D:7
   Lair: D:8-11         Orc: D:9-12

Altars:
Ashenzari
Cheibriados
Dithmenos
Elyvilon
Fedhas
Gozag
Hepliaklqana
Kikubaaqudgha
Makhleb
Nemelex Xobeh
Okawaru
Qazlal
Ru
Sif Muna
Trog
Uskayaw
Vehumet
Wu Jian
Xom
Yredelemnul
Zin
The Shining One
Lugonu

Shops:
D:8 *   D:10 *=

Annotations:
D:11 Harold


Innate Abilities, Weirdness & Mutations

You can breathe blasts of fire.
Your fiery red scales are hard. (AC +7)
You cannot fit into any form of body armour.
Your flesh is heat resistant. (rF+)
You are cold-blooded and may be slowed by cold attacks.
You have a pair of small antennae on your head.


Message History

The mystic blast hits the boulder beetle!
The boulder beetle is lightly wounded.
The boulder beetle is knocked back by the mystic blast.
The boulder beetle slams into the rock wall!
The boulder beetle waves its antennae.
The boulder beetle curls into a ball and begins rolling!
You see here a stone.
Casting: Iskenderun's Mystic Blast (dangerous; 1% risk of failure)
Confirm with . or Enter, or press ? or * to list all spells.
You erupt in a blast of force!
The mystic blast hits the centaur warrior zombie!
The centaur warrior zombie is moderately damaged.
The centaur warrior zombie is knocked back by the mystic blast.
The mystic blast hits the boulder beetle!
The boulder beetle is lightly wounded.
The boulder beetle is knocked back by the mystic blast.
The boulder beetle collides with the centaur warrior zombie!
The boulder beetle hits you!!!
Ouch! That really hurt!
You die...

########## #........#
#.###....#
#####.###################
..#..........Z○B@..(....#
#............##########.###
#...#..>....○.# #.........#
.......#....Z.# #.#####.#.#
##.....#....°.# #.#.....#.#
..............# #.#.#####.#
###'#.##......# #.#.......#
....#.........# #.#########
#########.....# #.#


You could see a boulder beetle and a centaur warrior zombie.

Vanquished Creatures
  A manticore (D:11)
  A cyclops (D:11)
  A centaur skeleton (D:11)
  3 kobold demonologists (D:11)
  2 hornets
  Sigmund (D:5)
  A shadow (D:11)
  2 wyverns
  A wraith (D:11)
  7 yaks
  2 basilisks (D:11)
  2 steam dragons (D:11)
  Edmund (D:5)
  Menkaure (D:4)
  2 sky beasts
  A black bear (D:11)
  An ice beast (D:5)
  2 phantoms
  2 orc warriors
  8 ogres
  11 centaurs
  4 big kobolds
  4 bullfrogs
  A wyvern skeleton (D:11)
  4 scorpions
  2 howler monkeys (D:4)
  8 electric eels
  2 centaur zombies
  2 bullfrog zombies
  A jelly (D:6)
  6 hounds
  3 orc priests
  2 gnoll shamans
  11 orc wizards
  4 iguanas
  Natasha (thrice) (D:4)
  6 worker ants
  A hound skeleton (D:6)
  20 gnolls
  2 howler monkey skeletons
  8 adders
  3 white imps
  2 ufetubi (D:6)
  An ooze (D:5)
  2 adder skeletons (D:6)
  5 worms
  12 dart slugs
  4 leopard geckos
  45 orcs
  3 ball pythons
  11 bats
  4 giant cockroaches
  10 goblins
  12 hobgoblins
  18 jackals
  25 kobolds
  4 quokkas
  7 frilled lizards
  A jackal zombie (D:6)
  A leopard gecko skeleton (D:5)
  A quokka skeleton (D:3)
  5 rats
323 creatures vanquished.

Vanquished Creatures (others)
  A demonic plant (Temple)
  21 plants
22 creatures vanquished.

Grand Total: 345 creatures vanquished

Notes
Turn   | Place    | Note
-------+----------+-------------------------------------------
     0 | D:1      | Gerhazo the Draconian Conjurer began the quest for the Orb.
     0 | D:1      | Reached XP level 1. HP: 14/14 MP: 3/3
    62 | D:1      | You fall into a shaft and drop 1 floor!
   259 | D:1      | Reached XP level 2. HP: 20/20 MP: 1/5
   264 | D:1      | Learned a level 2 spell: Searing Ray
   450 | D:2      | Found a snail-covered altar of Cheibriados.
  1098 | D:3      | Reached XP level 3. HP: 20/26 MP: 1/6
  1230 | D:4      | Reached skill level 5 in Conjurations
  1235 | D:3      | Reached XP level 4. HP: 15/33 MP: 2/8
  1488 | D:4      | Found an opulent altar of Gozag.
  1595 | D:4      | Found a glowing golden altar of the Shining One.
  1687 | D:4      | Reached XP level 5. HP: 37/38 MP: 0/9
  1906 | D:4      | Reached skill level 6 in Conjurations
  2187 | D:4      | Reached XP level 6. HP: 45/45 MP: 6/11
  2385 | D:4      | Noticed Natasha
  2388 | D:4      | Noticed Menkaure
  2407 | D:4      | HP: 2/45 [Menkaure/nerve-wracking pain (7)]
  2410 | D:4      | Killed Natasha
  2410 | D:4      | Killed Menkaure
  2411 | D:4      | Reached skill level 7 in Conjurations
  2424 | D:4      | Noticed Natasha
  2442 | D:4      | Killed Natasha
  2497 | D:4      | Noticed Natasha
  2502 | D:4      | Killed Natasha
  2503 | D:4      | Your scales start taking on a fiery red colour.
  2503 | D:4      | Reached XP level 7. HP: 45/50 MP: 7/13
  2503 | D:4      | Gained mutation: Your flesh is heat resistant. (rF+) [Red
                  | Draconian growth]
  2977 | D:5      | Entered Level 5 of the Dungeon
  2986 | D:5      | Learned a level 4 spell: Iskenderun's Mystic Blast
  3004 | D:5      | Noticed Sigmund
  3012 | D:5      | Killed Sigmund
  3013 | D:5      | Reached skill level 8 in Conjurations
  3110 | D:5      | Reached skill level 5 in Spellcasting
  3357 | D:5      | Noticed Edmund
  3398 | D:5      | Reached XP level 8. HP: 57/57 MP: 3/15
  3413 | D:5      | Killed Edmund
  3540 | D:5      | Found the +8 demon trident "Rift" {distort, reach+}
  3550 | D:5      | Reached skill level 9 in Conjurations
  4253 | D:6      | Learned a level 5 spell: Fireball
  4334 | D:6      | Found a broken altar of Ashenzari.
  4385 | D:6      | Reached skill level 1 in Fire Magic
  5447 | D:7      | Reached skill level 10 in Conjurations
  5455 | D:7      | Reached XP level 9. HP: 62/62 MP: 8/18
  5547 | D:7      | Found a sacrificial altar of Ru.
  5698 | D:7      | Found a radiant altar of Vehumet.
  5722 | D:7      | Became a worshipper of Vehumet
  5958 | D:3      | Found a basalt altar of Yredelemnul.
  6027 | D:3      | Found a shadowy altar of Dithmenos.
  6397 | D:3      | Found a bloodstained altar of Trog.
  6487 | D:2      | Reached * piety under Vehumet
  6487 | D:2      | Offered knowledge of Freeze by Vehumet.
  6638 | D:2      | Found a sparkling altar of Nemelex Xobeh.
  7155 | D:2      | Found a shimmering blue altar of Sif Muna.
  7305 | D:2      | Found a burning altar of Makhleb.
  8746 | D:6      | HP: 1/62 [electric eel/bolt of electricity (11)]
  8982 | D:6      | Reached skill level 5 in Fire Magic
  9030 | D:6      | Reached ** piety under Vehumet
  9030 | D:6      | Offered knowledge of Shock by Vehumet.
  9196 | D:7      | Found a hazy altar of Hepliaklqana.
  9204 | D:7      | Found an ancient bone altar of Kikubaaqudgha.
  9684 | D:7      | Found an ornate altar of the Wu Jian Council.
  9929 | D:7      | Found a staircase to the Ecumenical Temple.
 10175 | D:7      | Found a blossoming altar of Fedhas.
 10403 | Temple   | Entered the Ecumenical Temple
 10482 | D:8      | Reached skill level 1 in Fighting
 10854 | D:8      | Found a hide-covered altar of Uskayaw.
 11351 | D:8      | Found Bivoas's Assorted Antiques.
 11799 | D:9      | Offered knowledge of Ignite Poison by Vehumet.
 11800 | D:9      | Reached skill level 11 in Conjurations
 12203 | D:9      | Learned a level 2 spell: Blink
 12210 | D:9      | Reached XP level 10. HP: 73/73 MP: 16/20
 12612 | D:9      | Reached *** piety under Vehumet
 12760 | D:9      | Found a hazy altar of Hepliaklqana.
 12933 | D:10     | Entered Level 10 of the Dungeon
 13412 | D:10     | Found Didanoog's Jewellery Shoppe.
 13683 | D:10     | Found Ajodgh's General Store.
 14003 | D:10     | Offered knowledge of Olgreb's Toxic Radiance by Vehumet.
 14731 | D:11     | Noticed a manticore
 14736 | D:11     | Killed a manticore
 14738 | D:11     | Noticed Harold
 14934 | D:11     | Reached **** piety under Vehumet
 14962 | D:11     | Reached XP level 11. HP: 84/84 MP: 10/22
 14972 | D:11     | Reached skill level 12 in Conjurations
 14977 | D:12     | Noticed a two-headed ogre
 15209 | D:11     | Noticed a boulder beetle
 15333 | D:11     | Offered knowledge of Bolt of Magma by Vehumet.
 15760 | D:11     | Gained mutation: You have a pair of small antennae on your
                  | head. [a neqoxec]
 16006 | D:11     | Annihilated by a boulder beetle

Illustrated notes

Levels and vault maps discovered:
D:1:      scummos_arrival_simple_crosswalls, layout_loops_cross,
          serial_park_tiny_1
D:2:      layout_rooms, nemelex_xobeh_ov_fountains_minmay, marbit_many_paths,
          makhleb_heckhound_becter, kennysheep_slug_shrine,
          serial_co_window_serial, co_window_cross_1,
          co_window_of_opportunity_a, co_window_of_opportunity_a,
          co_window_paths_a, co_window_corner_a, co_window_paths_b,
          co_window_paths_b, co_window_corner_b, co_window_unsneaky_path_a,
          co_window_corner_b, co_window_unsneaky_path_b, co_window_broadway_a,
          glass_columns_b, glass_columns_a, glass_columns_a
D:3:      minmay_chambers_of_twos, layout_loops_cross, lemuel_doored_altar,
          nicolae_overflow_hidden_temple, nicolae_overflow_crystal_walls
D:4:      layout_gridville, nicolae_tso_swordbearing_angel,
          general_overflow_altar, serial_bayou_lagoon_a, uniq_menkaure,
          uniq_natasha
D:5:      layout_gridville, uniq_edmund, uniq_sigmund
D:6:      cheibrodos_two_vegetables, layout_cave_pods, basic_altar,
          item_on_display_a
D:7:      kennysheep_slugbush, layout_layer_cave, kiku_gazebo_garden_becter,
          kennysheep_mini, lemuel_round_altar, kennysheep_mini_moat,
          fiery_altar_vehumet, nicolae_ru_sacrificial_ziggurat, temple_doors_cd,
          bh_walls_and_bars
D:8:      layout_basic, eat_drink_and_be_merry_uskayaw, serial_shops, shop_coins
D:9:      layout_loops_ring, grunt_ministairs_9, kennysheep_small_spiral,
          kennysheep_flooded_box, minivault_24, dk_noncrumbling_3,
          hangedman_decor_lopped
D:10:     layout_stronghold, serial_shops, shop, shop, chequers_avenue
D:11:     layout_basic, david_lair_generic, uniq_harold
D:12:     slaughterhouse, layout_basic, minmay_orc_entry_guard_dogs, drop_trap,
          uniq_rupert
Temple:   corrupted_temple

Skill      XL: |  1  2  3  4  5  6  7  8  9 10 11 |
---------------+----------------------------------+-----
Conjurations   | 5 6 7 8 10 11 12 | 12.2
Spellcasting   | 3 4 5 6 7 8 |  8.0
Fire Magic     | 3 7 9 |  9.8
Fighting       | 2 4 |  4.8
Dodging        | 2 4 |  4.5
Stealth        | |  1.7

Action                   |  1- 3 |  4- 6 |  7- 9 | 10-12 || total
-------------------------+-------+-------+-------+-------++-------
Melee: Dagger            |    15 |     5 |     7 |       ||    27
       Tailslap          |     1 |       |     1 |     1 ||     3
       Flail             |       |       |     6 |     6 ||    12
 Cast: Magic Dart        |    12 |       |    24 |       ||    36
       Searing Ray       |    15 |    26 |   159 |    58 ||   258
       Fireball          |       |       |     8 |    20 ||    28
       Blink             |       |       |     1 |       ||     1
       Iskenderun's Myst |       |       |       |    18 ||    18
 Abil: Breathe Fire      |       |       |     2 |     1 ||     3
  Use: Scroll            |       |     2 |     5 |     1 ||     8
Armor: Skin              |    13 |    11 |    25 |    31 ||    80
Dodge: Dodged            |    27 |    16 |    72 |    52 ||   167
